 Dungeon Crawl Stone Soup version 0.30.1-4-g462c640d31 (webtiles) character file.

Game seed: 17017153601917028606

50505 Elroddo99 the Tortoise (level 14, -12/113 HPs)
             Began as a Minotaur Fighter on Aug 25, 2023.
             Was a High Priest of Hepliaklqana.
             Killed from afar by Nikola (37 damage)
             ... with an arc of chain lightning
             ... on level 1 of the Depths on Aug 28, 2023.
             The game lasted 01:00:56 (14278 turns).

Elroddo99 the Tortoise (Minotaur Fighter)          Turns: 14278, Time: 01:00:56

Health: -12/113    AC: 23    Str: 31    XL:     14   Next: 20%
Magic:  13/13      EV: 14    Int:  5    God:    Hepliaklqana [*****.]
Gold:   1170       SH: 13    Dex:  9    Spells: 13/13 levels left

rFire   . . .        C - +7 flail (freeze)
rCold   + . .        w - +1 kite shield
rNeg    . . .        O - +0 plate armour
rPois   .            J - +1 hat {Will+}
rElec   .            x - scarf {repulsion}
rCorr   +            g - +0 pair of gloves
SInv    .            L - +2 pair of boots
Will    ++...        y - amulet of regeneration Stlth
                     D - +5 ring of evasion
HPRegen 1.18/turn    A - ring "Huipni" {rC+ rCorr Str+4}
MPRegen 0.13/turn

%: repel missiles
@: no status effects
A: reduced essence, horns 2, retaliatory headbutt
a: Renounce Religion, Recall Ancestor, Ancestor Identity, Transference, Idealise


You were on level 1 of the Depths.
You worshipped Hepliaklqana.
Hepliaklqana was extremely pleased with you.
You visited 2 branches of the dungeon, and saw 16 of its levels.
You also visited: Ossuary.

You collected 1170 gold pieces.

Inventory:

Hand Weapons
 n - a +0 dire flail
 q - a +1 long sword of holy wrath
 r - a +0 war axe of distortion
 u - a +3 longbow of flaming
 C - a +7 flail of freezing (weapon)
 E - a +7 trident of freezing
 P - a +3 war axe of flaming
 R - the +6 shillelagh "Devastator" {shatter}
   (You found it on level 11 of the Dungeon)
 T - a +5 mace
Missiles
 h - 9 boomerangs (quivered)
 l - 92 stones
 S - 6 javelins
Armour
 g - a +0 pair of gloves (worn)
 w - a +1 kite shield (worn)
 x - a scarf of repulsion (worn)
 J - a +1 hat of willpower (worn)
 L - a +2 pair of boots (worn)
 O - a +0 plate armour (worn)
Jewellery
 a - a ring of fire
 b - a ring of flight
 e - a +6 ring of strength
 j - a ring of positive energy
 y - an amulet of regeneration (around neck)
 A - the ring "Huipni" (right hand) {rC+ rCorr Str+4}
   (You acquired it on level 6 of the Dungeon)

   [ring of resist corrosion]

   Str:       It affects your strength (+4).
   rC:        It protects you from cold.
   rCorr:     It protects you from acid and corrosion.
 D - a +5 ring of evasion (left hand)
Wands
 p - a wand of polymorph (4)
 v - a wand of acid (5)
 z - a wand of charming (12)
 K - a wand of iceblast (23)
Scrolls
 t - 9 scrolls of teleportation
 B - a scroll of blinking
 G - a scroll of amnesia
 I - 2 scrolls of magic mapping
 Q - 4 scrolls of identify
Potions
 d - 2 potions of might
 f - a potion of ambrosia
 i - 8 potions of curing
 k - a potion of magic
 m - 4 potions of heal wounds
 o - 2 potions of haste
 s - 6 potions of flight
 F - 3 potions of mutation
 M - 3 potions of attraction
 N - 2 potions of berserk rage


   Skills:
 + Level 12.2 Fighting
 + Level 6.7 Long Blades
 + Level 14.8 Maces & Flails
 + Level 15.5 Armour
 + Level 4.4 Dodging
 + Level 3.4 Stealth
 + Level 15.4 Shields
 + Level 0.3 Invocations


You had 13 spell levels left.
You didn't know any spells.
Your spell library contained the following spells:

 Spells                   Type           Power      Damage    Failure   Level
 Magic Dart               Conj           0%         1d3       98%         1
 Slow                     Hex            0%         N/A       98%         1
 Cigotuvi's Dreadful Rot  Necr/Pois/Air  0%         N/A       99%         2
 Searing Ray              Conj           0%         2d4       99%         2
 Call Canine Familiar     Summ           0%         N/A       100%        3
 Confusing Touch          Hex            0%         N/A       100%        3
 Dazzling Flash           Conj/Hex       0%         N/A       100%        3
 Portal Projectile        Hex/Tloc       0%         N/A       100%        3
 Vampiric Draining        Necr           0%         2d6       100%        3
 Vhi's Electric Charge    Tloc/Air       0%         N/A       100%        3
 Volatile Blastmotes      Fire/Tloc      0%         2d10      100%        3
 Animate Dead             Necr           0%         N/A       100%        4
 Cause Fear               Hex            0%         N/A       100%        4
 Dispel Undead            Necr           0%         3d6       100%        4
 Fulminant Prism          Conj/Hex       0%         3d5       100%        4
 Iskenderun's Mystic Bla  Conj/Tloc      0%         2d3       100%        4
 Leda's Liquefaction      Hex/Erth       0%         N/A       100%        4
 Arcjolt                  Conj/Air       0%         1d10      100%        5
 Lee's Rapid Deconstruct  Erth           0%         3d4*      100%        5
 Death Channel            Necr           0%         N/A       100%        6
 Starburst                Conj/Fire      0%         6d3       100%        6
 Statue Form              Tmut/Erth      0%         N/A       100%        6
 Dragon Form              Tmut           0%         N/A       100%        7
 Haunt                    Necr/Summ      0%         N/A       100%        7
 Infestation              Necr           0%         N/A       100%        8
 Maxwell's Capacitive Co  Air            0%         ∞         100%        8
 Dragon's Call            Summ           0%         N/A       100%        9


Dungeon Overview and Level Annotations

Branches:
Dungeon (15/15)            Temple (0/1) D:7            Lair (0/5) D:9
    Orc (0/2) D:11         Vaults (0/5) D:14         Depths (1/4) D:15
Ossuary (visited)

Altars:
Hepliaklqana
Uskayaw
Yredelemnul

Shops:
D:14 (

Annotations:
Depths:1 Nikola


Innate Abilities, Weirdness & Mutations

Your life essence is reduced to manifest your ancestor. (-10% HP)
You have a pair of horns on your head.
You reflexively headbutt those who attack you in melee.


Message History

The deep troll shouts!
A deep troll comes into view.
Nikola hits you with a +2 rapier of electrocution!
You closely miss Nikola.
Nikola is lightly wounded.
The deep troll shouts!
You hit Nikola but do no damage. Your headbutt misses Nikola.
Nikola is lightly wounded.
A deep troll comes into view.
The deep troll shaman calls upon its god to speed up the deep troll.
The deep troll seems to speed up.
Nikola casts a spell.
Lightning arcs from Nikola's hands!
The bolt of lightning hits you!!!!
Ouch! That really hurt!
* * * LOW HITPOINT WARNING * * *
A bolt of lightning appears from out of thin air!
The bolt of lightning hits Nikola!
The bolt of lightning hits the fire dragon!!!
The bolt of lightning hits the deep troll!!!
The bolt of lightning hits the deep troll shaman!!!
The deep troll shaman dies!
The bolt of lightning hits the tengu warrior simulacrum!!!
The tengu warrior simulacrum vaporises!
The bolt of lightning hits the brown ugly thing!!!
The bolt of lightning hits the deep troll!!
The bolt of lightning hits the deep troll! x2
The deep troll shouts!
You hear a deafening roar!
You hear a shout!
You hear a horrible gurgling sound! x3
You hear a shout!
Nikola gestures wildly while chanting.
Lightning arcs from Nikola's hands!
The bolt of lightning hits the deep troll!
The deep troll dies!
The troll leather armour is intact enough to wear.
A bolt of lightning appears from out of thin air!
The bolt of lightning hits the fire dragon!!!
The bolt of lightning hits Nikola!
The bolt of lightning hits the fire dragon!!!
The bolt of lightning hits you!!!
You die...

.. ...
###########...
#.............
#............
#.......Z... .
####..÷[### #.
#..'..☼D@@#
#..##+##...D###
#......TTTZ.#
............# ..
........(..Z+...
.#######....#.$.
#.............
#.............
..##.....u.......


You could see Nikola, 2 fire dragons, 3 deep trolls and an iron dragon zombie.

Vanquished Creatures
  Gastronok (D:11)
  Roxanne (D:15)
  An ironbound preserver (D:14)
  2 stone giants
  Nessos (D:13)
  2 ettins (D:15)
  Fannar (D:12)
  2 hydras (D:15)
  A spriggan air mage (D:15)
  4 centaur warriors
  7 two-headed ogres
  2 boulder beetles (D:14)
  A skeletal warrior (D:14)
  The ghost of Zeor the Thaumaturge, a novice DjAE of Okawaru (D:7)
  A glowing orange brain (Depths:1)
  A deep elf pyromancer (D:14)
  2 wizards (D:15)
  A deep elf zephyrmancer (D:6)
  An orc sorcerer (D:15)
  3 cyclopes
  A manticore (D:13)
  21 ugly things
  A centaur zombie (D:15)
  2 gargoyles (D:12)
  A komodo dragon (D:9)
  2 tengu conjurers (D:14)
  An efreet (D:14)
  4 trolls
  Prince Ribbit (D:7)
  A slime creature (D:11)
  A centaur simulacrum (D:15)
  3 shadows
  2 wyverns
  4 yaks (D:10)
  2 wraiths
  A steam dragon (D:9)
  A vampire (D:14)
  4 vampire mosquitoes
  Edmund (D:5)
  An acid dragon (D:14)
  A water moccasin (D:6)
  5 orc warriors
  An ice beast (D:7)
  A swamp drake (D:11)
  2 black bears
  A sky beast (D:7)
  2 ogres
  8 centaurs
  2 phantoms
  2 bullfrogs
  A kobold brigand (D:8)
  2 gnoll sergeants
  3 scorpions
  13 killer bees
  A howler monkey (D:8)
  A jelly (D:8)
  5 hounds
  9 orc priests
  2 boggart zombies (D:15)
  3 iguanas
  Natasha (thrice) (D:4)
  10 orc wizards
  2 mummies
  13 gnolls
  9 adders
  A shadow imp (D:5)
  A white imp (D:5)
  2 worms (D:3)
  2 dart slugs
  39 orcs
  5 spectral bats (Ossuary)
  4 ball pythons
  6 endoplasms
  A giant cockroach (D:4)
  12 gnoll zombies (Ossuary)
  8 goblins
  5 hobgoblins
  8 kobolds
  2 quokkas
  2 bats (D:1)
  3 bat simulacra (Ossuary)
  A frilled lizard (D:1)
  4 goblin simulacra (Ossuary)
  2 goblin zombies (Ossuary)
  5 hobgoblin zombies (Ossuary)
  4 kobold simulacra (Ossuary)
  5 kobold zombies (Ossuary)
  6 orc zombies (Ossuary)
  3 rats (D:1)
  6 rat simulacra (Ossuary)
  A spectral goblin (Ossuary)
  4 spectral kobolds (Ossuary)
  A spectral orc (D:4)
  3 spectral rats (Ossuary)
339 creatures vanquished.

Vanquished Creatures (collateral kills)
  A fire dragon (Depths:1)
  A death knight (D:15)
  A catoblepas (D:13)
  A two-headed ogre (D:11)
  Urug (D:11)
  A deep elf pyromancer (D:13)
  A necromancer (D:15)
  6 ugly things
  An orc sorcerer (D:15)
  A cyclops (D:11)
  2 manticores
  A gargoyle (D:11)
  A komodo dragon (D:10)
  2 freezing wraiths (D:15)
  A troll (D:10)
  A hornet (D:10)
  A wraith (D:12)
  A hog (shapeshifter) (D:15)
  A steam dragon (D:10)
  3 vampire mosquitoes
  An acid dragon (D:11)
  4 orc warriors
  A centaur (D:14)
  A killer bee (D:9)
  3 orc wizards
  11 orcs
50 creatures vanquished.

Vanquished Creatures (others)
  A deep troll shaman (Depths:1)
  A deep troll (Depths:1)
  An ugly thing (Depths:1)
  A tengu simulacrum (Depths:1)
  6 battlemagi
  2 ancestors
  An orc (D:7)
13 creatures vanquished.

Grand Total: 402 creatures vanquished

Notes
Turn   | Place    | Note
-------+----------+-------------------------------------------
     0 | D:1      | Elroddo99 the Minotaur Fighter began the quest for the Orb.
     0 | D:1      | Reached XP level 1. HP: 19/19 MP: 0/0
   127 | D:1      | Reached XP level 2. HP: 24/27 MP: 1/1
   654 | D:2      | Reached XP level 3. HP: 34/34 MP: 2/2
  1441 | D:3      | Reached XP level 4. HP: 41/41 MP: 3/3
  1649 | D:3      | Noticed a black bear
  1661 | D:3      | HP: 1/41 [black bear (7)]
  1662 | D:3      | Killed a black bear
  1663 | D:3      | Reached skill level 5 in Armour
  1663 | D:3      | Reached XP level 5. HP: 1/47 MP: 4/4
  2470 | D:4      | Reached skill level 1 in Dodging
  2603 | D:4      | Identified the +9 sling of Putrescence {freeze, *Slow rElec
                  | Str+2 Stlth+}
  2723 | D:4      | Noticed Natasha
  2729 | D:4      | Killed Natasha
  2730 | D:4      | Reached skill level 5 in Fighting
  2730 | D:4      | Reached XP level 6. HP: 56/56 MP: 5/5
  2747 | D:4      | Noticed Natasha
  2753 | D:4      | Killed Natasha
  2821 | D:4      | Noticed Natasha
  2835 | D:4      | Killed Natasha
  2875 | D:4      | Found a basalt altar of Yredelemnul.
  3010 | D:5      | Entered Level 5 of the Dungeon
  3062 | D:5      | Reached skill level 5 in Long Blades
  3192 | D:5      | Reached XP level 7. HP: 46/61 MP: 6/6
  3506 | D:5      | Noticed Edmund
  3519 | D:5      | Killed Edmund
  3520 | D:5      | Reached skill level 5 in Shields
  3853 | D:6      | Reached XP level 8. HP: 70/70 MP: 7/7
  3964 | D:6      | Reached skill level 1 in Maces & Flails
  4276 | D:6      | Found a sand-covered staircase.
  4284 | Ossuary  | Entered an ossuary
  4765 | D:6      | Identified a scroll of acquirement
  4765 | D:6      | Acquired the ring "Huipni" {rC+ rCorr Str+4}
  4991 | D:6      | Noticed a deep elf zephyrmancer
  4994 | D:6      | Killed a deep elf zephyrmancer
  4995 | D:6      | Reached skill level 5 in Maces & Flails
  4995 | D:6      | Reached XP level 9. HP: 52/78 MP: 8/8
  5141 | D:7      | Found a runed translucent door.
  5262 | D:7      | Found a staircase to the Ecumenical Temple.
  5335 | D:7      | Noticed Prince Ribbit
  5352 | D:7      | Killed Prince Ribbit
  5439 | D:7      | Found a hazy altar of Hepliaklqana.
  5447 | D:7      | Became a worshipper of Hepliaklqana the Forgotten
  5535 | D:7      | Noticed Zeor's ghost (novice DjAE)
  5579 | D:7      | Killed Zeor's ghost
  6192 | D:8      | Noticed a two-headed ogre
  6202 | D:8      | Killed a two-headed ogre
  6203 | D:8      | Reached XP level 10. HP: 71/86 MP: 9/9
  6477 | D:8      | Found a hide-covered altar of Uskayaw.
  6515 | D:8      | Reached * piety under Hepliaklqana
  7034 | D:9      | Found a staircase to the Lair.
  7180 | D:9      | Reached skill level 1 in Stealth
  7392 | D:9      | Reached skill level 10 in Maces & Flails
  7412 | D:9      | Reached ** piety under Hepliaklqana
  7639 | D:10     | Entered Level 10 of the Dungeon
  7672 | D:10     | Reached skill level 10 in Shields
  7966 | D:10     | Reached XP level 11. HP: 28/85 MP: 10/10
  8221 | D:10     | Remembered your ancestor Mira as a battlemage
  8295 | D:10     | Reached *** piety under Hepliaklqana
  8336 | D:10     | Reached skill level 10 in Armour
  8645 | D:11     | Noticed Gastronok
  8652 | D:11     | Killed Gastronok
  8848 | D:11     | Noticed a two-headed ogre
  8853 | D:11     | Killed a two-headed ogre
  9120 | D:11     | Found the +6 shillelagh "Devastator" {shatter}
  9280 | D:11     | Noticed Urug
  9287 | D:11     | Killed Urug
  9328 | D:11     | Found a staircase to the Orcish Mines.
  9503 | D:12     | Noticed a white ugly thing
  9511 | D:12     | Killed a white ugly thing
  9552 | D:12     | Noticed a two-headed ogre
  9556 | D:12     | Killed a two-headed ogre
  9616 | D:12     | Noticed Fannar
  9627 | D:12     | Killed Fannar
  9672 | D:12     | Reached **** piety under Hepliaklqana
  9885 | D:12     | Reached XP level 12. HP: 95/95 MP: 11/11
 10040 | D:12     | Noticed a two-headed ogre
 10046 | D:12     | Killed a two-headed ogre
 10215 | D:12     | Noticed a two-headed ogre
 10220 | D:12     | Killed a two-headed ogre
 10468 | D:13     | Noticed a catoblepas
 10481 | D:13     | Killed a catoblepas
 10482 | D:13     | Reached skill level 10 in Fighting
 10539 | D:13     | Reached ***** piety under Hepliaklqana
 10679 | D:13     | Noticed Nessos
 10693 | D:13     | Killed Nessos
 11064 | D:14     | Noticed a boulder beetle
 11064 | D:14     | Noticed a two-headed ogre
 11068 | D:14     | Killed a two-headed ogre
 11077 | D:14     | Killed a boulder beetle
 11128 | D:14     | Found Juridiep's Antique Weapon Boutique.
 11240 | D:14     | Noticed a two-headed ogre
 11245 | D:14     | Killed a two-headed ogre
 11361 | D:14     | Reached XP level 13. HP: 103/103 MP: 12/12
 11381 | D:14     | Noticed an ironbound preserver
 11383 | D:14     | Found a gate to the Vaults.
 11395 | D:14     | Killed an ironbound preserver
 11735 | D:15     | Entered Level 15 of the Dungeon
 11852 | D:15     | Noticed Roxanne
 11885 | D:15     | Killed Roxanne
 12458 | D:15     | Found a staircase to the Depths.
 12467 | D:15     | Reached skill level 15 in Armour
 12467 | D:15     | Reached skill level 15 in Shields
 12472 | Depths:1 | Entered Level 1 of the Depths
 12474 | Depths:1 | Noticed a fire dragon
 12476 | Depths:1 | Noticed a stone giant
 13247 | Depths:1 | Noticed an ettin
 13308 | D:15     | Killed a stone giant
 13348 | D:15     | Killed an ettin
 13353 | Depths:1 | Noticed an ettin
 13365 | D:15     | Killed an ettin
 13366 | D:15     | Reached XP level 14. HP: 42/113 MP: 13/13
 13560 | Depths:1 | Noticed a stone giant
 13569 | Depths:1 | Killed a stone giant
 14261 | Depths:1 | Identified the +1 pair of gloves of Mirth {rPois rF+ MP+9}
 14261 | Depths:1 | Noticed Nikola
 14278 | Depths:1 | Killed from afar by Nikola

Illustrated notes

Levels and vault maps discovered:
D:1:      ebering_trefoil_twist, layout_rooms, nicolae_figureground_sparkle
D:2:      layout_basic
D:3:      layout_rooms, serial_park_tiny_pond, grunt_decor_fettered
D:4:      layout_cave_pools, yredelemnul_forgotten_temple_becter, uniq_natasha
D:5:      layout_basic, uniq_edmund
D:6:      layout_loops_ring, gup_ossuary_entry_pyramid,
          guppyfry_early_elven_hall
D:7:      layout_rooms, mainiacjoe_overflow_surrounded_room,
          minmay_temple_entry_from_below_a, hellmonk_ghost_happy_afterlife,
          serial_corexii_hall, corexii_hall_statues_u, corexii_hall_statues_x,
          chequers_hall_statues_y, uniq_prince_ribbit1
D:8:      layout_gridville, nicolae_uskayaw_dance_studio
D:9:      layout_gridville, david_lair_shrubbed
D:10:     layout_irregular_city
D:11:     layout_small_grid, erik_orc_1, minmay_misc_feat_iff, st_stairs_2,
          uniq_urug, uniq_gastronok
D:12:     layout_gridville, uniq_fannar
D:13:     layout_long_grid, uniq_nessos
D:14:     layout_gridville, skrybe_vaults_entry_preservation,
          minmay_large_rounded_square, serial_shops, shop
D:15:     grunt_enter_depths_magical_seal, layout_layer_cave,
          chequers_decorated_corner, uniq_roxanne
Depths:1: layout_basic, hangedman_decor_points, hellmouth_1,
          minmay_misc_feat_roman, grunt_absolute_annihilation, uniq_nikola

Skill      XL: |  1  2  3  4  5  6  7  8  9 10 11 12 13 |
---------------+----------------------------------------+-----
Fighting       | 4 5 6 7 8 9 10 12 | 12.2
Armour         | 4 5 6 7 8 9 12 13 15 | 15.5
Shields        | 4 6 7 8 10 12 13 15 | 15.4
Long Blades    | 3 4 5 6 |  6.7
Dodging        | 1 2 3 4 |  4.4
Maces & Flails | 5 9 10 12 13 14 | 14.8
Stealth        | 1 2 3 |  3.4
Invocations    | |  0.3

Action                     |  1- 3 |  4- 6 |  7- 9 | 10-12 | 13-15 || total
---------------------------+-------+-------+-------+-------+-------++-------
  Melee: Long sword        |    56 |   128 |    34 |       |       ||   218
         Headbutt          |     7 |    25 |    58 |    47 |    48 ||   185
         Flail             |       |       |   238 |   175 |    59 ||   472
         Shillelagh        |       |       |       |   121 |   126 ||   247
 Invoke: Ancestor Identity |       |       |       |     1 |       ||     1
         Ancestor Life: Ba |       |       |       |     1 |       ||     1
         Transference      |       |       |       |       |     1 ||     1
  Evoke: Wand              |       |       |     1 |       |       ||     1
    Use: Scroll            |     4 |     7 |     6 |     7 |     5 ||    29
         Potion            |       |     1 |     1 |       |       ||     2
   Stab: Distracted        |       |       |       |     3 |     3 ||     6
 Armour: Scale mail        |    33 |     7 |       |       |       ||    40
         Chain mail        |       |   111 |   104 |    47 |       ||   262
         Plate armour      |       |       |       |    95 |    52 ||   147
  Dodge: Dodged            |    38 |    60 |   169 |   243 |    84 ||   594
         Repelled          |       |       |     1 |     4 |     3 ||     8
  Block: Buckler           |    23 |     7 |       |       |       ||    30
         Kite shield       |       |    55 |   172 |   266 |   107 ||   600
